 Dungeon Sprint DCSS version 0.29-a0-813-g4a14ea37d6 (webtiles) character file.

Game seed: 15404744231689456972

1512 mhtbhm the Unseen (level 8, -18/37 HPs)
             Began as a Spriggan Enchanter on July 4, 2022.
             Was an Initiate of Dithmenos.
             Shot with an arrow by a centaur warrior (29 damage)
             ... in the Dungeon (Sprint I: "Red Sonja").
             The game lasted 00:01:24 (361 turns).

mhtbhm the Unseen (Spriggan Enchanter)               Turns: 361, Time: 00:01:25

Health: -18/37     AC:  2    Str:  4    XL:     8   Next: 53%
Magic:  17/21      EV: 23    Int: 16    God:    Dithmenos [......]
Gold:   272        SH:  0    Dex: 18    Spells: 13/24 levels left

rFire   . . .      SeeInvis +   a - +1 dagger
rCold   . . .      Faith    .   (no shield)
rNeg    . . .      Spirit   .   b - +0 robe
rPois   .          Reflect  .   (helmet restricted)
rElec   .          Harm     .   (no cloak)
rCorr   .          Rampage  .   (gloves unavailable)
Will    +....      NoTele   +   (boots unavailable)
Stlth   ++++......              (no amulet)
HPRegen 0.12/turn               (no ring)
MPRegen 0.17/turn               (no ring)

@: invisible, slow
A: very small, no large weapons, unfitting armour, see invisible, speed 3
a: Renounce Religion


You were in the Dungeon.
You worshipped Dithmenos.
Dithmenos was noncommittal.
You visited 1 branch You collected 354 gold pieces.
You spent 82 gold pieces at shops.

Inventory:

Hand Weapons
 a - a +1 dagger (weapon)
Armour
 b - a +0 robe (worn)
Scrolls
 i - 2 scrolls of blinking
Potions
 c - a potion of invisibility
 d - a potion of curing
 f - a potion of haste
 g - 2 potions of magic
 h - a potion of degeneration {unknown}


   Skills:
 + Level 1.1 Fighting
 + Level 3.9 Short Blades
 + Level 8.5 Dodging
 + Level 18.1 Stealth
 + Level 8.7 Spellcasting
 + Level 13.8 Hexes


You had 13 spell levels left.
You knew the following spells:

 Your Spells              Type           Power      Damage    Failure   Level
a - Ensorcelled Hibernat  Hex/Ice        58%        N/A       1%          2
b - Confusing Touch       Hex            51%        N/A       1%          3
c - Tukima's Dance        Hex            51%        N/A       1%          3
d - Dazzling Flash        Conj/Hex       58%        N/A       1%          3

Your spell library contained the following spells:

 Spells                   Type           Power      Damage    Failure   Level


Dungeon Overview and Level Annotations

Branches:
Dungeon (1/1)

Altars:
Cheibriados
Dithmenos
Elyvilon
Fedhas
Gozag
Hepliaklqana
Kikubaaqudgha
Nemelex Xobeh
Okawaru
Qazlal
Ru
Sif Muna
Trog
Uskayaw
Vehumet
Wu Jian
Yredelemnul
Zin
The Shining One

Shops:
D ?


Innate Abilities, Weirdness & Mutations

You are very small and have problems with some larger weapons.
You are too small for most types of armour.
You have supernaturally acute eyesight. (SInv)
You cover ground extremely quickly. (Speed+++)


Message History

You open the door.
Found 27 gold pieces and a sharpened fluorescent wand.
Found 7 gold pieces.
There is an open door here.
You now have 272 gold pieces (gained 18).
You open the door.
Found 9 gold pieces.
A centaur warrior comes into view.
A centaur warrior comes into view.
Found a glowing mace.
The centaur warrior moves out of view.
There is an open door here.
You enter the shallow water.
Moving in this stuff is going to be slow. ...and don't expect to remain undetected.
The centaur warrior shouts! x2
The centaur warrior wields a +0 longbow.
The centaur warrior shoots an arrow.
The arrow hits you!!
Ouch! That really hurt!
* * * LOW HITPOINT WARNING * * *
The centaur warrior wields a +0 shortbow.
The centaur warrior shoots an arrow.
The arrow misses you.
You feel much better.
The centaur warrior shoots an arrow.
The arrow hits you!!
Ouch! That really hurt!
* * * LOW HITPOINT WARNING * * *
Unknown command.
Press: ? - help, v - describe, . - travel
Here: a centaur warrior, wielding a +0 shortbow (purple smoke)
The floor.
Okay, then.
Unknown command.
Casting: Ensorcelled Hibernation (safe; 1% risk of failure)
Confirm with . or Enter, or press ? or * to list all spells.
Aiming: Ensorcelled Hibernation (safe; 1% risk of failure)
Press: ? - help, Shift-Dir - straight line, f - centaur warrior
Aim: a centaur warrior, wielding a +0 shortbow (purple smoke, chance to affect: 41%)
The centaur warrior looks drowsy...
The centaur warrior shoots an arrow.
The arrow closely misses you.
The centaur warrior shoots an arrow.
The arrow hits you!!
Ouch! That really hurt!
You die...

##############
.#.)'..#.)'..#
.').#..'..#..+
.#####'#####'# ###
.####..#...#(####)$#
.#__####..##.#§§§§c#
.#_____##'#_.+§§§§§+
⌠#_.∩..†'..._#§§@c.#
##_..__##_.#'##§####
#_____###'#.#$./$#
#########.####'###
.....')..'$$[$$+
++####$.$#######
##.## #+#


You could see 2 centaur warriors.

Vanquished Creatures
  Sonja (D)
  A deep troll (D)
  Sigmund (D)
  A yak (D)
  An ogre (D)
  A jelly (D)
  Ijyb (D)
7 creatures vanquished.

Notes
Turn   | Place    | Note
-------+----------+-------------------------------------------
     0 | D        | mhtbhm the Spriggan Enchanter began the quest for the Orb.
     0 | D        | Reached XP level 1. HP: 9/9 MP: 5/5
     1 | D        | Noticed Ijyb
     8 | D        | Killed Ijyb
     9 | D        | Reached skill level 6 in Stealth
     9 | D        | Reached skill level 5 in Hexes
     9 | D        | Reached XP level 2. HP: 13/13 MP: 5/7
    58 | D        | Noticed an ogre
    70 | D        | Killed an ogre
    71 | D        | Reached skill level 9 in Stealth
    71 | D        | Reached XP level 3. HP: 10/16 MP: 8/10
    71 | D        | Reached XP level 4. HP: 13/21 MP: 8/11
    74 | D        | Learned a level 2 spell: Ensorcelled Hibernation
    78 | D        | Learned a level 3 spell: Confusing Touch
    82 | D        | Learned a level 3 spell: Tukima's Dance
    86 | D        | Learned a level 3 spell: Dazzling Flash
   192 | D        | Noticed Sigmund
   197 | D        | Killed Sigmund
   198 | D        | Reached skill level 11 in Stealth
   198 | D        | Reached skill level 10 in Hexes
   198 | D        | Reached XP level 5. HP: 25/25 MP: 5/14
   198 | D        | Reached XP level 6. HP: 29/29 MP: 5/16
   272 | D        | Found an ornate altar of the Wu Jian Council.
   272 | D        | Found a shimmering blue altar of Sif Muna.
   274 | D        | Found a radiant altar of Vehumet.
   279 | D        | Reached skill level 12 in Stealth
   280 | D        | Found Ycunam's Magic Scroll Emporium.
   280 | D        | Found an ancient bone altar of Kikubaaqudgha.
   280 | D        | Found a hazy altar of Hepliaklqana.
   280 | D        | Found a stormy altar of Qazlal.
   280 | D        | Found a hide-covered altar of Uskayaw.
   280 | D        | Found a blossoming altar of Fedhas.
   280 | D        | Found a bloodstained altar of Trog.
   280 | D        | Found an iron altar of Okawaru.
   280 | D        | Found a basalt altar of Yredelemnul.
   280 | D        | Found a glowing golden altar of the Shining One.
   280 | D        | Found a snail-covered altar of Cheibriados.
   280 | D        | Found a sacrificial altar of Ru.
   280 | D        | Found a glowing silver altar of Zin.
   280 | D        | Found a shadowy altar of Dithmenos.
   280 | D        | Found a white marble altar of Elyvilon.
   280 | D        | Noticed a yak
   281 | D        | Found an opulent altar of Gozag.
   282 | D        | Killed a yak
   283 | D        | Reached skill level 13 in Stealth
   283 | D        | Found a sparkling altar of Nemelex Xobeh.
   289 | D        | Became a worshipper of Dithmenos the Shadowed
   298 | D        | Bought a scroll of blinking for 82 gold pieces
   341 | D        | Noticed Sonja
   345 | D        | Killed Sonja
   346 | D        | Reached skill level 1 in Fighting
   346 | D        | Reached skill level 16 in Stealth
   346 | D        | Reached XP level 7. HP: 33/33 MP: 17/19
   348 | D        | Noticed a deep troll
   352 | D        | Killed a deep troll
   353 | D        | Reached skill level 18 in Stealth
   353 | D        | Reached XP level 8. HP: 37/37 MP: 17/21
   358 | D        | Noticed a centaur warrior
   358 | D        | Noticed a centaur warrior
   361 | D        | Shot with an arrow by a centaur warrior

Illustrated notes

Levels and vault maps discovered:
D:        dungeon_sprint_1 [red_sonja_temple_1, red_sonja_temple_small_1]

Skill      XL: |  1  2  3  4  5  6  7 |
---------------+----------------------+-----
Dodging        | 3 4 6 7 8 |  8.5
Stealth        | 6 9 11 16 18 | 18.1
Spellcasting   | 3 4 6 8 |  8.7
Hexes          | 5 7 10 12 13 | 13.8
Short Blades   | 2 3 |  3.9
Fighting       | 1 |  1.1

Action                   |  1- 3 |  4- 6 |  7- 9 || total
-------------------------+-------+-------+-------++-------
Melee: Dagger            |     7 |     5 |     1 ||    13
 Cast: Ensorcelled Hiber |       |     3 |     1 ||     4
  Use: Potion            |     1 |     1 |     1 ||     3
 Stab: Sleeping          |     2 |     3 |     1 ||     6
       Invisible         |       |     1 |       ||     1
Dodge: Dodged            |     2 |     2 |     2 ||     6

Table legend: (Time is in decaauts)
 A = Elapsed time spent in this place.
 B = Non-inter-level travel time spent in this place.
 C = Inter-level travel time spent in this place.
 D = Time resting spent in this place.
 E = Time spent auto-exploring this place.
 F = Levels seen in this place.
 G = Mean time per level.
                   A        B        C        D        E       F      G
               +--------+--------+--------+--------+--------+-----+--------+
         Total |    326 |    326 |      0 |    203 |      0 |   1 |  326.0 |
       Dungeon |    326 |    326 |      0 |    203 |      0 |   1 |  326.0 |
               +--------+--------+--------+--------+--------+-----+--------+

Top non-repeatable levels by time:
       D: 326 daAuts
